 Dungeon Sprint DCSS version 0.24.1 (webtiles) character file.

Game seed: 12181828862242670255, levelgen mode: deterministic

8157 Groucho the Imperceptible (level 11, 57/57 HPs)
             Began as a Felid Berserker on Mar 28, 2020.
             Was the Champion of Trog.
             Got out of the dungeon alive.
             The game lasted 00:05:47 (2974 turns).

Groucho the Imperceptible (Felid Berserker)         Turns: 2974, Time: 00:05:48

Health: 57/57      AC:  2    Str:  9    XL:     11   Next: 6%
Magic:  9/9        EV: 31    Int:  7    God:    Trog [******]
Gold:   963        SH:  0    Dex: 17    Spells: 10/10 levels left
                                        Lives:  2   Deaths: 0

rFire    . . .     SeeInvis +     - Unarmed
rCold    . . .     Gourm    .   (shield unavailable)
rNeg     . . .     Faith    .   (armour unavailable)
rPois    .         Spirit   .   (helmet unavailable)
rElec    .         Reflect  .   (cloak unavailable)
rCorr    .         Harm     .   (gloves unavailable)
MR       +....     Rnd*Rage +   (boots unavailable) Stlth ++++++++..NoTele +
                                (no amulet)
HPRegen  0.19/turn              (no ring)
MPRegen  0.11/turn              (no ring)

@: quick
A: very small, no armour, no weapons or thrown items, stealth, claws 1, fangs 3,
see invisible, berserk 1, carnivore, clumsy 1, dopey 1, speed 1, low mp 2,
shaggy fur 2, slow metabolism 1, weak 2, evolution 1, sharp paws
a: Berserk, Trog's Hand, Brothers in Arms, Renounce Religion


You escaped.
You worshipped Trog.
Trog was exalted by your worship.
You were not hungry.

You visited 1 branch You collected 963 gold pieces.

Inventory:

Wands
 g - a wand of paralysis (7)
Scrolls
 h - 2 scrolls of identify {unknown}
 i - a scroll of enchant weapon {unknown}
Potions
 b - 3 potions of curing
 c - a potion of heal wounds
 d - a potion of haste
 e - 3 potions of magic
 f - a potion of berserk rage
Comestibles
 a - 6 rations


   Skills:
 + Level 12.3 Fighting
 + Level 15.4 Dodging
 + Level 21.9 Stealth
 + Level 12.3 Unarmed Combat


You had 10 spell levels left.
You didn't know any spells.
Your spell library was empty.

Dungeon Overview and Level Annotations

Branches:
Dungeon (1/1)

Altars:
Cheibriados
Dithmenos
Elyvilon
Fedhas
Gozag
Hepliaklqana
Kikubaaqudgha
Makhleb
Nemelex Xobeh
Okawaru
Qazlal
Ru
Sif Muna
Trog
Uskayaw
Vehumet
Wu Jian
Xom
Yredelemnul
Zin
The Shining One
Jiyva
Lugonu

Shops:
D (*=:%*:%([![%[(}*:([(


Innate Abilities, Weirdness & Mutations

You cannot wear armour.
You are incapable of wielding weapons or throwing items.
Your paws allow you to move quietly. (Stealth)
You have sharp claws.
You have razor-sharp teeth.
You have supernaturally acute eyesight. (SInv)
You are carnivorous and can eat meat at any time.
You cover ground quickly.
You are covered in thick fur. (AC +2)
You have a slow metabolism.
Your sharp claws are effective at attacking unaware monsters.
You tend to lose your temper in combat.
You are clumsy. (Dex -2)
You are dopey. (Int -2)
Your magical capacity is very low. (-20% MP)
You are very weak. (Str -4)
You evolve.


Message History

You see here a hand axe.
You see here a pair of gloves.
There is an open door here.
There is an open door here.
Things that are here:
a +2 scythe of protection; a +0 robe
There is an open door here.
You see here a +0 giant club.
There is an open door here.
Things that are here:
a +0 dagger; a +0 ring mail
There is an open door here.
There is a staircase leading out of the dungeon here.
You can't go down here!
Are you sure you want to leave the Dungeon?
This will make you lose the game!
Alright, then stay!
You can't go down here!
Unknown command.
Are you sure you want to leave the Dungeon?
This will make you lose the game!
You have escaped!

##################
#@.#.)'..#.)'..#__
#..'..#.)'..#..'..
#..#####+#####'#__
#..####..#...#[###
#..#__####..##)#§§
#..#_____##'#_.'§§
#⌠⌠#_.∩...'..§_#≈≈
####_..__##_.#'##+
#_____###'#.#..


There were no monsters in sight!

Vanquished Creatures
  2 centaur warriors (D)
  Sonja (D)
  2 unseen horrors (D)
  A deep troll (D)
  2 shining eyes (D)
  An oklob plant (D)
  A hornet (D)
  A slime creature (D)
  Sigmund (D)
  2 redbacks (D)
  A yak (D)
  4 floating eyes (D)
  7 necrophages (D)
  An ogre (D)
  8 jellies (D)
  Ijyb (D)
  A ballistomycete spore (D)
37 creatures vanquished.

Vanquished Creatures (collateral kills)
  6 shining eyes (D)
  A floating eye (D)
7 creatures vanquished.

Vanquished Creatures (others)
  A gargoyle (D)
  A ballistomycete spore (D)
2 creatures vanquished.

Grand Total: 46 creatures vanquished

Notes
Turn   | Place    | Note
-------+----------+-------------------------------------------
     0 | D        | Groucho the Felid Berserker began the quest for the Orb.
     0 | D        | Reached XP level 1. HP: 10/10 MP: 2/2
     2 | D        | Noticed Ijyb
    10 | D        | Killed Ijyb
    10 | D        | Reached skill level 8 in Stealth
    10 | D        | Reached XP level 2. HP: 4/14 MP: 3/3
   660 | D        | Noticed an ogre
   662 | D        | Killed an ogre
   662 | D        | Reached skill level 12 in Stealth
   662 | D        | Reached XP level 3. HP: 17/17 MP: 4/4
   662 | D        | Reached XP level 4. HP: 21/21 MP: 5/5
   781 | D        | Noticed Sigmund
   783 | D        | Killed Sigmund
   783 | D        | Reached ** piety under Trog
   783 | D        | Reached skill level 16 in Stealth
   783 | D        | Reached XP level 5. HP: 24/24 MP: 6/6
   783 | D        | Gained mutation: You are covered in thick fur. (AC +2)
                  | [Felid growth]
   783 | D        | Reached XP level 6. HP: 28/28 MP: 7/7
   803 | D        | Found a shimmering blue altar of Sif Muna.
   804 | D        | Found an ornate altar of the Wu Jian Council.
   805 | D        | Found a radiant altar of Vehumet.
   812 | D        | Found Senkuwnu's Book Emporium.
   812 | D        | Found an ancient bone altar of Kikubaaqudgha.
   812 | D        | Found a hazy altar of Hepliaklqana.
   812 | D        | Found a stormy altar of Qazlal.
   812 | D        | Found a hide-covered altar of Uskayaw.
   812 | D        | Found a blossoming altar of Fedhas.
   812 | D        | Found a bloodstained altar of Trog.
   812 | D        | Found an iron altar of Okawaru.
   812 | D        | Found a basalt altar of Yredelemnul.
   812 | D        | Found a glowing golden altar of the Shining One.
   812 | D        | Found a snail-covered altar of Cheibriados.
   812 | D        | Found a sacrificial altar of Ru.
   812 | D        | Found a glowing silver altar of Zin.
   812 | D        | Found a shadowy altar of Dithmenos.
   812 | D        | Found a white marble altar of Elyvilon.
   812 | D        | Noticed a yak
   813 | D        | Found an opulent altar of Gozag.
   814 | D        | Killed a yak
   814 | D        | Reached skill level 5 in Dodging
   814 | D        | Reached skill level 17 in Stealth
   815 | D        | Found a sparkling altar of Nemelex Xobeh.
   857 | D        | Found a burning altar of Makhleb.
   857 | D        | Found a shimmering altar of Xom.
   857 | D        | Noticed a slime creature
   858 | D        | Found a viscous altar of Jiyva.
   858 | D        | Found a corrupted altar of Lugonu.
   860 | D        | Killed a slime creature
   860 | D        | Reached *** piety under Trog
   860 | D        | Reached skill level 5 in Fighting
   860 | D        | Reached skill level 5 in Unarmed Combat
   860 | D        | Reached XP level 7. HP: 33/33 MP: 8/8
   873 | D        | Noticed a centaur warrior
   873 | D        | Noticed a centaur warrior
   874 | D        | Killed a centaur warrior
   874 | D        | Reached skill level 18 in Stealth
   874 | D        | Reached XP level 8. HP: 40/40 MP: 9/9
   875 | D        | Killed a centaur warrior
   875 | D        | Reached skill level 10 in Dodging
   875 | D        | Reached skill level 19 in Stealth
   894 | D        | Noticed a hornet
   902 | D        | Killed a hornet
   902 | D        | Reached XP level 9. HP: 45/45 MP: 10/10
  1095 | D        | Killed a gargoyle
  1228 | D        | Noticed an oklob plant
  1230 | D        | Killed an oklob plant
  1230 | D        | Reached **** piety under Trog
  1717 | D        | Noticed an unseen horror
  1718 | D        | Noticed an unseen horror
  1732 | D        | Killed an unseen horror
  1732 | D        | Reached skill level 10 in Fighting
  1732 | D        | Reached skill level 20 in Stealth
  1732 | D        | Reached skill level 10 in Unarmed Combat
  1733 | D        | Killed an unseen horror
  1977 | D        | Reached ***** piety under Trog
  1978 | D        | Reached XP level 10. HP: 51/51 MP: 11/11
  2040 | D        | Reached ****** piety under Trog
  2066 | D        | Found Bigi's Food Shoppe.
  2066 | D        | Found Lelyger's Book Shop.
  2066 | D        | Found Cepio's Weapon Boutique.
  2068 | D        | Found Etwots's Antique Armour Emporium.
  2068 | D        | Found Fojeoc's Distillery.
  2068 | D        | Found Voquot's Armour Shoppe.
  2068 | D        | Found Inguset's Food Boutique.
  2068 | D        | Found Apnoc's Armour Emporium.
  2068 | D        | Found Yjaas's Antique Weapon Shop.
  2068 | D        | Found Yfuid's Gadget Shoppe.
  2072 | D        | Found Lomuwiuph's General Store.
  2073 | D        | Found Zankeat's Weapon Emporium.
  2073 | D        | Found Nezxuck's Book Boutique.
  2074 | D        | Found Ihiekh's Weapon Emporium.
  2159 | D        | Noticed a deep troll
  2161 | D        | Killed a deep troll
  2161 | D        | Reached skill level 21 in Stealth
  2173 | D        | Found Moprenit's Armour Emporium.
  2187 | D        | Noticed Sonja
  2194 | D        | Killed Sonja
  2530 | D        | Found Jent's Antique Weapon Boutique.
  2851 | D        | Noticed a shining eye
  2851 | D        | Noticed a shining eye
  2851 | D        | Noticed a shining eye
  2851 | D        | Noticed a shining eye
  2851 | D        | Noticed a shining eye
  2851 | D        | Noticed a shining eye
  2853 | D        | Paralysed by a floating eye for 2 turns
  2870 | D        | Noticed a shining eye
  2870 | D        | Noticed a shining eye
  2871 | D        | Killed a shining eye
  2872 | D        | Gained mutation: Your spells are a little easier to cast,
                  | but a little less powerful. [a shining eye]
  2873 | D        | Gained mutation: You are weak. (Str -2) [a shining eye]
  2874 | D        | Killed a shining eye
  2875 | D        | Lost mutation: Your spells are a little easier to cast, but
                  | a little less powerful. [a shining eye]
  2878 | D        | Gained mutation: Your magical capacity is low. (-10% MP) [a
                  | shining eye]
  2879 | D        | Gained mutation: You tend to lose your temper in combat. [a
                  | shining eye]
  2879 | D        | Gained mutation: Your magical capacity is very low. (-20%
                  | MP) [a shining eye]
  2879 | D        | Gained mutation: You are very weak. (Str -4) [a shining
                  | eye]
  2881 | D        | Paralysed by a floating eye for 3 turns
  2882 | D        | Gained mutation: You evolve. [a shining eye]
  2883 | D        | Killed a shining eye
  2883 | D        | Killed a shining eye
  2883 | D        | Reached skill level 15 in Dodging
  2885 | D        | Killed a shining eye
  2886 | D        | Gained mutation: You are clumsy. (Dex -2) [a shining eye]
  2886 | D        | Killed a shining eye
  2886 | D        | Reached XP level 11. HP: 57/57 MP: 9/9
  2887 | D        | Gained mutation: You are dopey. (Int -2) [a shining eye]
  2887 | D        | Killed a shining eye
  2894 | D        | Killed a shining eye
  2901 | D        | Found Qumau's Assorted Antiques.
  2901 | D        | Found Enainunt's Assorted Antiques.
  2901 | D        | Found Inuso's Jewellery Emporium.
  2902 | D        | Found Met Emoku's Food Shop.
  2974 | D        | Got out of the dungeon alive.

Levels and vault maps discovered:
D:        dungeon_sprint_1 [red_sonja_temple_1, red_sonja_temple_small_1]

Skill      XL: |  1  2  3  4  5  6  7  8  9 10 |
---------------+-------------------------------+-----
Stealth        | 8 12 16 17 18 19 20 21 | 21.9
Fighting       | 5 7 8 10 12 | 12.3
Dodging        | 7 9 11 13 15 | 15.4
Unarmed Combat | 5 7 8 10 12 | 12.3

Action                   |  1- 3 |  4- 6 |  7- 9 | 10-12 || total
-------------------------+-------+-------+-------+-------++-------
Melee: Unarmed           |     7 |     4 |    21 |    59 ||    91
       Bite              |     2 |       |     3 |     6 ||    11
       Punch             |       |       |       |     2 ||     2
Invok: Berserk           |     1 |       |     2 |       ||     3
       Trog's Hand       |       |       |     2 |       ||     2
       Brothers in Arms  |       |       |       |     3 ||     3
  Use: Scroll            |       |       |     1 |       ||     1
 Stab: Sleeping          |     2 |     4 |     7 |    10 ||    23
  Eat: Chunk             |       |     6 |     4 |       ||    10
Armor: Skin              |     1 |       |       |       ||     1
Dodge: Dodged            |     2 |       |    26 |    45 ||    73
